 Dungeon Crawl Stone Soup version 0.27-a0-1612-gde56a17b89 (webtiles) character file.

Game seed: 14278073565821920826

2 Spectrina the Sneak (level 1, 0/20 HPs)
             Began as a Djinni Delver on July 22, 2021.
             Slain by a scorpion (5 damage)
             ... on level 5 of the Dungeon.
             The game lasted 00:00:53 (124 turns).

Spectrina the Sneak (Djinni Delver)                  Turns: 124, Time: 00:00:54

Health: 0/20       AC:  3    Str: 11    XL:     1   Next: 33%
Gold:   0          EV: 12    Int: 11    God:
                   SH:  5    Dex: 14

rFire    + + .     SeeInvis .   h - +2 dagger (venom)
rCold    x . .     Faith    .   (no shield)
rNeg     . . .     Spirit   .   a - +0 leather armour
rPois    ∞         Reflect  +   (no helmet)
rElec    .         Harm     .   (no cloak)
rCorr    .         Rampage  .   (no gloves)
Will     .....                  (boots unavailable)
Stlth    ++........             g - amulet of reflection
HPRegen  0.06/turn              (no ring)
MPRegen  0.00/turn              (no ring)

@: flying
A: sickness immunity, fire resistance 2, cold vulnerability 1, float, innate
caster, hp casting, extra vitality 1
a: no special abilities


You were on level 5 of the Dungeon.
You visited 1 branch of the dungeon, and saw 2 of its levels.

Inventory:

Hand Weapons
 h - a +2 dagger of venom (weapon)
Armour
 a - a +0 leather armour (worn)
Jewellery
 g - an amulet of reflection (around neck)
Wands
 f - a wand of digging (3)
Scrolls
 b - a scroll of fog
 c - a scroll of magic mapping
 d - a scroll of fear
Potions
 e - a potion of haste


   Skills:
 - Level 3.0 Fighting
 - Level 2.1 Dodging
 + Level 4.1 Stealth
 - Level 2.0 Unarmed Combat
 * Level 0.2 Spellcasting


You couldn't memorise any spells.
You didn't know any spells.
Your spell library was empty.

Dungeon Overview and Level Annotations

Branches:
Dungeon (6/15)
 Temple: D:4-7

Altars:


Innate Abilities, Weirdness & Mutations

You are immune to sickness and miasma.
You are immune to poison.
Your flesh is very heat resistant. (rF++)
You are vulnerable to cold. (rC-)
You float through the air rather than walking.
You learn spells naturally, not from books.
Your magical power is your life essence.
You have superior vitality. (+4 HP)


Message History

A water moccasin comes into view.
An orc comes into view. It is wielding a +2 dagger of venom.
Press: ? - help, v - describe, . - travel
Here: an orc, wielding a +2 dagger of venom (asleep)
The floor.
Unknown command.
The helpless orc fails to defend itself.
You hit the orc.
The orc is moderately wounded.
You hit the orc.
The orc is severely wounded.
The orc barely misses you.
You closely miss the orc.
The orc is severely wounded.
The orc hits you with a +2 dagger of venom.
You hit the orc.
You kill the orc!
Things that are here:
a +2 dagger of venom; an orc corpse Your +2 dagger of venom begins to drip with poison!
h - a +2 dagger of venom (weapon)
There is a stone staircase leading up here.
You fly upwards.
The scorpion barely misses you. The scorpion stings you.
There is a stone staircase leading down here.
Unknown command.
You hit the scorpion.
The scorpion is lightly wounded.
The scorpion stings you.
You barely miss the scorpion.
The scorpion is lightly wounded.
The scorpion stings you!
* * * LOW HITPOINT WARNING * * *
You completely miss the scorpion.
The scorpion is lightly wounded.
You block the scorpion's attack.
Unknown command.
You hit the scorpion but do no damage.
The scorpion is lightly wounded.
The scorpion stings you.
You die...

#.####...#####
#...........##
#...........##
#.....s......#
##..##..s...####
##..###.......####
##..####........##$##
##...# ####..........
#...@########........
#....s...# ###......
#...........# ###....
#.............# ....
#.............# ....
#.............. ...
#.............. ...
#.............#
#.............#


You could see a scorpion.

Vanquished Creatures
  An orc (D:6)
1 creature vanquished.

Notes
Turn   | Place    | Note
-------+----------+-------------------------------------------
     0 | D:5      | Spectrina the Djinni Delver began the quest for the Orb.
     0 | D:5      | Reached XP level 1. HP: 20/20 MP: 0/0
    27 | D:5      | Noticed a scorpion
    65 | D:6      | Noticed a water moccasin
   124 | D:5      | Slain by a scorpion

Illustrated notes

Levels and vault maps discovered:
D:5:      layout_cave_pods, general_overflow_altar
D:6:      layout_layer_cave, minmay_misc_feat_hallway, minmay_puff

Action                   || total
-------------------------++-------
Melee: Dagger            ||     4
       Unarmed           ||     4
 Stab: Sleeping          ||     1
Dodge: Dodged            ||     2
Block: Other             ||     1

Table legend: (Time is in decaauts)
 A = Elapsed time spent in this place.
 B = Non-inter-level travel time spent in this place.
 C = Inter-level travel time spent in this place.
 D = Time resting spent in this place.
 E = Time spent auto-exploring this place.
 F = Levels seen in this place.
 G = Mean time per level.
                   A        B        C        D        E       F      G
               +--------+--------+--------+--------+--------+-----+--------+
         Total |    123 |    123 |      0 |      0 |      0 |   2 |   61.5 |
       Dungeon |    123 |    123 |      0 |      0 |      0 |   2 |   61.5 |
               +--------+--------+--------+--------+--------+-----+--------+

Top non-repeatable levels by time:
     D:6: 72 daAuts
     D:5: 51 daAuts
